 Dungeon Crawl Stone Soup version 0.20-a0-909-g1a4ba80 (webtiles) character file.

58238 Hook the Warrior (level 14, -17/123 HPs)
             Began as a Demonspawn Gladiator on Mar 22, 2017.
             Was a Priest of Qazlal.
             Demolished by a merfolk impaler
             ... wielding a +2 vampiric trident
              (23 damage)
             ... on level 2 of the Shoals.
             The game lasted 01:33:45 (22835 turns).

Hook the Warrior (Demonspawn Gladiator)            Turns: 22835, Time: 01:33:47

Health: -17/123    AC: 10    Str: 20    XL:     14   Next: 48%
Magic:  0/14       EV: 12    Int:  7    God:    Qazlal [***...]
Gold:   956        SH:  0    Dex: 17    Spells: 13/13 levels left

rFire    . . .     SeeInvis .   G - +3 quarterstaff (protect)
rCold    . . .     Gourm    .   T - +0 steam dragon scales
rNeg     . . .     Faith    .   (shield currently unavailable)
rPois    +         Spirit   +   a - +2 hat {MR+}
rElec    .         Reflect  +   D - +0 cloak
rCorr    .         Harm     .   U - +0 pair of gloves
MR       ++...     Clarity  +   B - +0 pair of boots
Stlth    ++........             y - +5 amulet of reflection
Regen    0.3/turn               k - ring of poison resistance
MPRegen  0.2/turn               o - +3 ring of slaying

@: about to teleport, held
A: horns 2, thin skeletal structure 1, clarity, dopey 1, spiny 2, magic shield
a: Upheaval, Elemental Force, Renounce Religion


You were on level 2 of the Shoals.
You worshipped Qazlal.
Qazlal was most pleased with you.
You were not hungry.

You visited 4 branches of the dungeon, and saw 18 of its levels.

You collected 956 gold pieces.

Inventory:

Hand Weapons
 G - a +3 quarterstaff of protection (weapon)
 O - the +0 arbalest "Xakhlohu" {freeze, rF++}
   (You found it on level 9 of the Dungeon)

   It causes projectiles fired from it to freeze those they strike, causing
   extra injury to most foes and up to half again as much damage against
   particularly susceptible opponents.
   They can also slow down cold-blooded creatures.
   It greatly protects you from fire.
 R - a +0 blowgun
Missiles
 g - 59 poisoned needles
 Q - 69 bolts
Armour
 a - a +2 hat of magic resistance (worn)
 B - a +0 pair of boots (worn)
 D - a +0 cloak (worn)
 T - +0 steam dragon scales (worn)
 U - a +0 pair of gloves (worn)
Jewellery
 k - a ring of poison resistance (right hand)
 o - a +3 ring of slaying (left hand)
 y - a +5 amulet of reflection (around neck)
 z - an uncursed ring of see invisible
 F - a cursed ring of teleportation
 I - an uncursed ring of magical power {unknown}
 J - an uncursed ring of protection from cold {unknown}
 N - an uncursed amulet of faith
 S - a +2 ring of strength {unknown}
 V - an uncursed amulet of regeneration
 W - a cursed amulet of regeneration
 X - an uncursed ring of flight {unknown}
Wands
 b - a wand of iceblast (6/15)
 u - a wand of confusion (16/48)
 C - a wand of iceblast (3/15)
 Z - a wand of flame (27/48)
Scrolls
 c - 3 scrolls of fog
 i - 5 scrolls of remove curse
 l - 2 scrolls of fear
 m - a scroll of vulnerability {unknown}
 p - a scroll of brand weapon {unknown}
 s - a scroll of blinking
 x - 3 scrolls of teleportation
 A - 2 scrolls of amnesia
Potions
 j - 2 potions of lignification
 n - 4 potions of flight
 q - a potion of berserk rage {unknown}
 t - 7 potions of heal wounds {unknown}
 E - a potion of agility
 H - a potion of might {unknown}
 K - 4 potions of cancellation {unknown}
 L - 3 potions of haste {unknown}
 P - a potion of resistance {unknown}
 Y - a potion of magic {unknown}
Books
 v - a book of Battle

   Spells                             Type                      Level
   a - Infusion                       Charms                       1
   b - Shroud of Golubria             Charms/Translocation         2
   c - Song of Slaying                Charms                       2
   d - Spectral Weapon                Hexes/Charms                 3
   e - Regeneration                   Charms/Necromancy            3
 w - a book of Cantrips

   Spells                             Type                      Level
   a - Confusing Touch                Hexes                        1
   b - Animate Skeleton               Necromancy                   1
   c - Summon Small Mammal            Summoning                    1
   d - Apportation                    Translocation                1
Comestibles
 f - 9 bread rations
 h - 7 meat rations
 r - 3 royal jellies
 M - 15 fruits


   Skills:
 * Level 15.0 Fighting
 * Level 12.1 Staves
 - Level 3.0 Crossbows
 - Level 3.7 Throwing
 * Level 14.0 Dodging


You had 13 spell levels left.
You didn't know any spells.

Dungeon Overview and Level Annotations

Branches:
Dungeon (11/15)            Temple (0/1) D:7            Lair (4/6) D:8
 Shoals (2/4) Lair:4       Spider (1/4) Lair:4
    Orc: D:9-12

Altars:
Ashenzari
Cheibriados
Dithmenos
Elyvilon
Fedhas
Gozag
Makhleb
Nemelex Xobeh
Qazlal
Ru
Sif Muna
Uskayaw
Xom
Zin
The Shining One

Shops:
D:8 }

Annotations:
D:4 Sigmund
D:11 Josephine


Innate Abilities, Weirdness & Mutations

You have a pair of horns on your head.
You have a somewhat thin skeletal structure. (Dex +2, Stealth)
You are mostly covered in sharp spines.
When hurt, damage is shared between your health and your magic reserves.
You possess an exceptional clarity of mind.
You are dopey. (Int -2)


Message History

The merfolk throws a tomahawk.
The tomahawk hits you. The merfolk closely misses you.
You struggle against the net.
The merfolk impaler is struck by your spines.
The merfolk impaler hits you with a vampiric trident!
* * * LOW HITPOINT WARNING * * *
The merfolk impaler draws strength from your wounds!
The merfolk is struck by your spines. The merfolk closely misses you.
The merfolk barely misses you.
The merfolk impaler is struck by your spines.
The merfolk impaler hits you but does no damage.
The merfolk throws a tomahawk.
The tomahawk hits you!!
* * * LOW HITPOINT WARNING * * *
As you read the scroll of teleportation, it crumbles to dust.
You feel strangely unstable. The merfolk barely misses you.
The merfolk hits you from afar with a glaive!
* * * LOW HITPOINT WARNING * * *
The merfolk impaler is struck by your spines.
The merfolk impaler hits you with a vampiric trident!!
You die...

......H≈≈≈≈≈≈≈≈≈≈≈
$..≈≈≈≈≈≈≈≈≈≈≈≈≈≈≈
...≈≈≈≈≈≈≈≈≈≈≈≈≈≈≈
...≈≈≈≈≈≈≈≈≈≈≈≈≈≈≈
..≈≈≈≈≈≈≈≈≈≈≈≈.≈≈≈
.≈≈(≈≈≈≈m≈...≈≈≈≈≈
.≈≈≈≈≈≈.m....≈≈≈≈≈
≈≈≈≈≈≈§@.>.....≈≈≈
≈≈≈≈≈≈≈m..m...<≈≈≈
≈≈≈≈...≈m..##..≈≈≈
≈≈≈≈..≈≈..## ≈≈≈≈
≈≈≈≈≈≈≈≈... ≈≈≈
≈≈≈≈≈≈≈≈.... m≈
≈≈≈≈≈≈≈...... ≈
≈≈≈≈≈≈≈.....≈≈


You could see a merfolk impaler, 4 merfolk and a harpy.

Vanquished Creatures
  Gastronok (Lair:1)
  3 hydras
  Harold (Lair:1)
  Erica (D:9)
  6 two-headed ogres
  A merfolk aquamancer (Shoals:1)
  Nergalle (Lair:1)
  An unseen horror (D:11)
  3 sea snakes (Shoals:1)
  Pikel (D:5)
  13 harpies (Shoals:1)
  A necromancer (Lair:4)
  3 orb spiders (Spider:1)
  6 wolf spiders (Spider:1)
  2 manticores (Shoals:1)
  2 ugly things (D:11)
  8 fauns (Shoals:1)
  A centaur zombie (D:11)
  8 elephants
  4 merfolk sirens (Shoals:1)
  2 water nymphs (Shoals:1)
  4 black mambas
  6 spiny frogs
  A demonic crawler (Spider:1)
  A rime drake (Lair:1)
  6 komodo dragons
  2 trolls
  6 merfolk (Shoals:1)
  A polar bear (Lair:2)
  7 jumping spiders (Spider:1)
  Prince Ribbit (D:5)
  A wind drake (Shoals:1)
  2 snapping turtles
  7 hippogriffs
  A blink frog (Lair:2)
  2 dream sheep (D:8)
  4 tarantellas (Spider:1)
  A redback (Spider:1)
  39 yaks
  3 water elementals (Shoals:1)
  2 wraiths
  2 basilisks
  A steam dragon (D:10)
  3 wargs (D:8)
  9 porcupines
  8 water moccasins
  An acid dragon (D:11)
  2 ice beasts (D:9)
  4 sky beasts
  4 black bears
  3 orc warriors
  2 phantoms
  4 centaurs
  3 elephant zombies (Lair:4)
  3 ogres
  7 crocodiles
  3 big kobolds (D:8)
  A komodo dragon zombie (Lair:4)
  16 bullfrogs
  5 scorpions
  3 electric eels
  A bullfrog zombie (D:10)
  A howler monkey (D:6)
  5 crimson imps
  2 quasits (D:6)
  7 hounds
  7 orc priests
  3 jellies
  13 orc wizards
  A gnoll shaman (D:10)
  A bullfrog skeleton (D:7)
  10 worker ants
  6 iguanas
  A crocodile zombie (Lair:4)
  A hound zombie (D:11)
  3 hound skeletons
  2 worker ant zombies
  Robin (D:3)
  21 gnolls
  10 adders
  3 shadow imps (D:8)
  An ooze (D:2)
  An adder skeleton (D:5)
  2 worms
  A dart slug (D:1)
  4 leopard geckos
  27 orcs
  3 giant cockroaches
  16 goblins
  7 hobgoblins
  12 jackals
  9 kobolds
  6 quokkas
  A ball python (D:4)
  8 bats
  4 frilled lizards
  A quokka skeleton (D:8)
  6 rats
  A fungus (Lair:1)
  A plant (Lair:1)
460 creatures vanquished.

Vanquished Creatures (others)
  A redback (Spider:1)
  4 slaves (D:5)
  A bullfrog skeleton (D:5)
  Ijyb (D:5)
  An orc wizard (D:5)
  A hound zombie (D:5)
  2 gnolls (D:5)
  An ooze (D:5)
  2 orcs (D:5)
  A fungus (Lair:3)
  3 plants (Shoals:1)
  4 tentacles (Shoals:1)
22 creatures vanquished.

Grand Total: 482 creatures vanquished

Notes
Turn   | Place    | Note
-------+----------+-------------------------------------------
     0 | D:1      | Hook the Demonspawn Gladiator began the quest for the Orb.
     0 | D:1      | Reached XP level 1. HP: 16/16 MP: 1/1
   389 | D:1      | Gained mutation: When hurt, damage is shared between your health and your magic reserves. [demonic ancestry]
   389 | D:1      | Reached XP level 2. HP: 22/22 MP: 2/2
  1061 | D:2      | Reached XP level 3. HP: 20/28 MP: 3/3
  1233 | D:2      | Found a snail-covered altar of Cheibriados.
  1321 | D:2      | Reached skill level 3 in Fighting
  1373 | D:2      | Gained mutation: You are partially covered in sharp spines. [demonic ancestry]
  1373 | D:2      | Reached XP level 4. HP: 20/35 MP: 4/4
  2205 | D:3      | Noticed Robin
  2416 | D:3      | Killed Robin
  2710 | D:3      | Reached XP level 5. HP: 41/41 MP: 5/5
  3114 | D:4      | Found a sacrificial altar of Ru.
  3355 | D:4      | Noticed Sigmund
  3529 | D:4      | Noticed an ogre
  3543 | D:4      | Killed an ogre
  3648 | D:5      | Entered Level 5 of the Dungeon
  3694 | D:5      | Noticed Pikel
  3694 | D:5      | Noticed a slave
  3694 | D:5      | Noticed a slave
  3694 | D:5      | Noticed a slave
  3704 | D:4      | Reached XP level 6. HP: 40/48 MP: 6/6
  3756 | D:5      | Noticed a slave
  3759 | D:5      | Noticed Ijyb
  3766 | D:5      | Killed Pikel
  3766 | D:5      | Reached skill level 5 in Fighting
  3766 | D:5      | Reached skill level 5 in Dodging
  3766 | D:5      | Reached XP level 7. HP: 32/56 MP: 4/7
  3792 | D:5      | Killed Ijyb
  3958 | D:5      | Found a burning altar of Makhleb.
  4214 | D:5      | Noticed Prince Ribbit
  4326 | D:5      | Killed Prince Ribbit
  4326 | D:5      | Reached XP level 8. HP: 52/64 MP: 8/8
  4635 | D:5      | Reached skill level 6 in Fighting
  4741 | D:5      | Found a shimmering altar of Xom.
  5216 | D:5      | Reached skill level 5 in Staves
  5459 | D:4      | Found a blossoming altar of Fedhas.
  5918 | D:6      | Reached skill level 7 in Fighting
  6031 | D:6      | Found a sparkling altar of Nemelex Xobeh.
  6031 | D:6      | Found an opulent altar of Gozag.
  6032 | D:6      | Found a white marble altar of Elyvilon.
  6116 | D:6      | Found a deep blue altar of Sif Muna.
  6284 | D:6      | Gained mutation: You are mostly covered in sharp spines. [demonic ancestry]
  6284 | D:6      | Reached XP level 9. HP: 72/72 MP: 9/9
  6286 | D:6      | Found a stormy altar of Qazlal.
  6338 | D:6      | Found a shattered altar of Ashenzari.
  6384 | D:6      | Found a glowing silver altar of Zin.
  6384 | D:6      | Found a shadowy altar of Dithmenos.
  7438 | D:7      | Found a glowing golden altar of the Shining One.
  7439 | D:7      | Found a hide-covered altar of Uskayaw.
  7692 | D:8      | Reached skill level 8 in Fighting
  8148 | D:8      | Noticed a two-headed hydra
  8155 | D:8      | Killed a two-headed hydra
  8155 | D:8      | Reached skill level 9 in Fighting
  8155 | D:8      | Reached XP level 10. HP: 69/83 MP: 8/10
  8277 | D:8      | Found a staircase to the Lair.
  8547 | D:8      | Noticed a two-headed ogre
  8559 | D:8      | Killed a two-headed ogre
  8736 | D:8      | Reached skill level 10 in Fighting
  9085 | D:8      | Found Gownoehasa's Gadget Boutique.
  9157 | D:8      | Noticed a two-headed ogre
  9167 | D:8      | Killed a two-headed ogre
  9340 | D:9      | Reached skill level 10 in Dodging
  9437 | D:9      | Noticed Erica
  9578 | D:9      | Killed Erica
  9578 | D:9      | Gained mutation: You have a pair of small horns on your head. [demonic ancestry]
  9578 | D:9      | Reached XP level 11. HP: 44/92 MP: 6/11
  9659 | D:9      | Noticed a two-headed ogre
  9866 | D:9      | Killed a two-headed ogre
  9873 | D:9      | Noticed a two-headed ogre
  9881 | D:9      | Killed a two-headed ogre
  9881 | D:9      | Reached skill level 11 in Fighting
 10947 | D:9      | Noticed a two-headed ogre
 10959 | D:9      | Killed a two-headed ogre
 11243 | D:9      | Got a twisted arbalest
 11244 | D:9      | Identified the cursed +0 arbalest "Xakhlohu" {freeze, rF++} (You found it on level 9 of the Dungeon)
 11321 | D:9      | Noticed a two-headed ogre
 11328 | D:9      | Killed a two-headed ogre
 11426 | D:10     | Entered Level 10 of the Dungeon
 11832 | D:10     | Reached skill level 1 in Crossbows
 12529 | D:10     | Found a shattered altar of Ashenzari.
 12819 | D:11     | Reached skill level 12 in Fighting
 12828 | D:11     | Noticed a cyan ugly thing
 12844 | D:11     | Killed a cyan ugly thing
 13045 | D:11     | Noticed a green ugly thing
 13065 | D:11     | Killed a green ugly thing
 13277 | D:11     | Reached XP level 12. HP: 102/102 MP: 12/12
 13336 | D:11     | Noticed Josephine
 13863 | D:6      | Became a worshipper of Qazlal Stormbringer
 13991 | Lair:1   | Entered Level 1 of the Lair of Beasts
 14046 | D:7      | Found a staircase to the Ecumenical Temple.
 14644 | Lair:1   | Noticed Gastronok
 14666 | Lair:1   | Killed Gastronok
 15178 | Lair:1   | Noticed Harold
 15196 | Lair:1   | Killed Harold
 15437 | Lair:1   | Noticed Nergalle
 15466 | Lair:1   | Killed Nergalle
 16378 | Lair:1   | Reached skill level 13 in Fighting
 17177 | Lair:2   | Found a shimmering altar of Xom.
 17315 | Lair:2   | Reached * piety under Qazlal
 17522 | Lair:2   | Reached skill level 10 in Staves
 17563 | Lair:3   | Gained mutation: You have a somewhat thin skeletal structure. (Dex +2, Stealth) [demonic ancestry]
 17563 | Lair:3   | Reached XP level 13. HP: 111/111 MP: 13/13
 17981 | Lair:3   | Gained mutation: You are dopey. (Int -2) [potion of mutation]
 17981 | Lair:3   | Gained mutation: You possess an exceptional clarity of mind. [potion of mutation]
 19155 | Lair:4   | Reached ** piety under Qazlal
 19415 | Lair:4   | Found a hole to the Spider Nest.
 19663 | Spider:1 | Entered Level 1 of the Spider Nest
 19729 | Spider:1 | Reached skill level 14 in Fighting
 20252 | Spider:1 | Noticed an entropy weaver
 20468 | Lair:4   | Found a staircase to the Shoals.
 20597 | Shoals:1 | Entered Level 1 of the Shoals
 20821 | Shoals:1 | Gained mutation: You have a pair of horns on your head. [demonic ancestry]
 20821 | Shoals:1 | Reached XP level 14. HP: 88/121 MP: 12/14
 20900 | Shoals:1 | Noticed a kraken
 21322 | Shoals:1 | Reached *** piety under Qazlal
 22124 | Shoals:1 | Reached skill level 15 in Fighting
 22835 | Shoals:2 | HP: 6/123 [merfolk/glaive (10)]
 22835 | Shoals:2 | Demolished by a merfolk impaler

Vault maps used:
D:1:      evilmike_arrival_fibonacci_small, solitary_fountain
D:2:      lemuel_doored_altar, grunt_ministairs_9
D:3:      first_bread, uniq_robin
D:4:      nicolae_ru_path_of_blood, kennysheep_little_box, minivault_14,
          uniq_sigmund
D:5:      tgw_xom, lightli_temple_of_fire, minivault_4, uniq_iyjb,
          uniq_prince_ribbit1, uniq_pikel
D:6:      grunt_temple_overflow_open, kennysheep_mini,
          lemuel_coloured_pillars_altar, minitemple
D:7:      gammafunk_temple_overflow_pools, minmay_temple_entry_from_below_a
D:8:      minmay_flawed_box, erik_lair_orcish_takeover, serial_shops, shop,
          hangedman_ranch
D:9:      cheibrodos_helix_gallery, uniq_erica
D:10:     lemuel_tele_altar
D:11:     kennysheep_potato, uniq_josephine
Lair:1:   st_stairs_6, cheibrodos_lair_reptile_den, uniq_harold, uniq_nergalle,
          uniq_gastronok
Lair:2:   basic_altar
Lair:3:   grunt_megastairs_5
Lair:4:   pond_and_an_island_with_a_cottage, minmay_shoals_entry_hut,
          dummy_spider_entry, lemuel_fruit_fields
Shoals:1: serial_shops, shop, nicolae_shoals_arrival_archipelago
Shoals:2: uniq_kirke

Skill      XL: |  1  2  3  4  5  6  7  8  9 10 11 12 13 14 |
---------------+-------------------------------------------+-----
Throwing       | 2 3 |  3.7
Staves         | 3 4 5 6 7 8 10 11 12 | 12.1
Dodging        | 3 4 5 6 8 10 11 12 13 14 | 14.0
Fighting       | 3 5 7 9 10 12 13 14 15 | 15.0
Crossbows      | 2 3 |  3.0

Action                   |  1- 3 |  4- 6 |  7- 9 | 10-12 | 13-15 || total
-------------------------+-------+-------+-------+-------+-------++-------
Melee: Quarterstaff      |    78 |    87 |   242 |   540 |   504 ||  1451
       Headbutt          |       |       |       |   110 |   142 ||   252
 Fire: Arbalest          |       |       |       |     6 |    19 ||    25
       Blowgun           |       |       |       |     7 |     1 ||     8
Throw: Throwing net      |     1 |     4 |     8 |     1 |     1 ||    15
       Tomahawk          |       |     2 |    19 |    69 |    15 ||   105
  Use: Scroll            |       |     8 |     6 |    11 |     8 ||    33
       Potion            |       |       |       |     1 |     5 ||     6
 Stab: Sleeping          |     1 |       |       |     2 |       ||     3
       Held in net/web   |     1 |     1 |     1 |       |       ||     3
  Eat: Chunk             |     1 |     3 |     3 |    15 |    11 ||    33
       Meat ration       |       |     1 |       |     2 |       ||     3
       Bread ration      |       |       |     2 |       |       ||     2
       Royal jelly       |       |       |     1 |     1 |     3 ||     5
       Fruit             |       |       |       |     3 |     1 ||     4
Armor: Leather armour    |    15 |    21 |    63 |    33 |       ||   132
       Steam dragon scal |       |       |       |    81 |   113 ||   194
Dodge: Dodged            |    39 |    64 |   163 |   428 |   458 ||  1152
Block: Other             |       |       |       |    16 |   184 ||   200
       Reflection        |       |       |       |       |     8 ||     8
